[ AOE2 MATCH · #506208953 ]
UnrankedTeutons vs Bohemians
Player's team · LOSS
[ REPLAY ANALYSIS · EXTRACTED FROM THE RECORDED GAME ]
Feudal
8:52
Castle
20:56
Imperial
30:01
| APM avg | 23.7 |
| APM peak | 67 |
| eAPM avg | 14.1 |
| Villagers / military | 57 / 23 |
Focus
⚔️ 21.6% · 🌾 78.4%
Petard ×20 · Monk ×3
Feudal
9:48
Castle
20:48
Imperial
26:07
| APM avg | 31.5 |
| APM peak | 97 |
| eAPM avg | 22.4 |
| Villagers / military | 71 / 8 |
Focus
⚔️ 34.4% · 🌾 65.6%
Monk ×3 · Trebuchet (Packed) ×3 · Mangonel ×1 · Bombard Cannon ×1
Match map
Initial resources + every placement click. Lines = walls · curves = elevation contours. ◆ gold · ⬟ stone · ● berries · ✦ relic · ◌ wall gap
Your base· ✓ Closed at 20:56 · 1t walls · 2 gate(s)
only_konevod's base· ✓ Closed at 20:48 · 6t walls · 4 gate(s)
Smoothed initial terrain · ◌ = detected wall gap · hover for details
Inputs per minute
— (***AlBy_Bkr***) - - only_konevod
Build order — (***AlBy_Bkr***)
145 actions detected in the replay
| 0:00 | Create | Villager (Male) |
| 0:00 | Create | Villager (Male) |
| 0:01 | Create | Villager (Male) |
| 0:01 | Create | Villager (Male) |
| 0:01 | Create | Villager (Male) |
| 0:02 | Build | House |
| 0:03 | Build | House |
| 1:24 | Create | Villager (Male) |
| 2:02 | Create | Villager (Male) |
| 2:02 | Create | Villager (Male) |
| 2:19 | Create | Villager (Male) |
| 2:19 | Create | Villager (Male) |
| 2:49 | Create | Villager (Male) |
| 2:49 | Create | Villager (Male) |
| 2:50 | Create | Villager (Male) |
| 2:58 | Build | Lumber Camp |
| 3:45 | Create | Villager (Male) |
| 3:45 | Create | Villager (Male) |
| 3:45 | Create | Villager (Male) |
| 3:45 | Create | Villager (Male) |
| 3:50 | Build | House |
| 5:09 | Create | Villager (Male) |
| 5:09 | Create | Villager (Male) |
| 5:44 | Create | Villager (Male) |
| 5:45 | Research | Loom |
| 6:08 | Build | Mining Camp |
| 6:40 | Research | Feudal Age |
| 7:35 | Build | Mill |
| 7:51 | Build | Palisade Wall |
| 7:59 | Create | Villager (Male) |
| 8:00 | Build | House |
| 8:10 | Research | Loom |
| 8:10 | Create | Villager (Male) |
| 8:52 | Age | Feudal Age |
| 8:53 | Build | Blacksmith |
| 9:04 | Research | Double-Bit Axe |
| 9:05 | Create | Villager (Male) |
| 9:35 | Build | Watch Tower |
| 9:46 | Research | Fletching |
| 9:46 | Research | Fletching |
| 9:53 | Create | Villager (Male) |
| 10:22 | Create | Villager (Male) |
| 10:26 | Build | Mill |
| 11:01 | Create | Villager (Male) |
| 11:05 | Build | House |
| 11:37 | Create | Villager (Male) |
| 11:38 | Build | Farm |
| 11:40 | Build | Farm |
| 11:40 | Build | Farm |
| 11:44 | Build | Farm |
| 11:50 | Build | Farm |
| 11:51 | Create | Villager (Male) |
| 12:09 | Build | Watch Tower |
| 12:16 | Build | Farm |
| 12:17 | Create | Villager (Male) |
| 12:19 | Build | House |
| 12:29 | Build | Watch Tower |
| 12:41 | Create | Villager (Male) |
| 12:43 | Build | Farm |
| 12:43 | Build | Farm |
| 13:03 | Create | Villager (Male) |
| 13:05 | Build | Farm |
| 13:34 | Create | Villager (Male) |
| 13:48 | Create | Villager (Male) |
| 13:48 | Create | Villager (Male) |
| 14:03 | Create | Villager (Male) |
| 14:34 | Create | Villager (Male) |
| 14:37 | Build | Mining Camp |
| 14:45 | Build | Farm |
| 14:49 | Build | Farm |
| 15:14 | Create | Villager (Male) |
| 15:17 | Build | Farm |
| 15:32 | Create | Villager (Male) |
| 15:58 | Create | Villager (Male) |
| 16:13 | Create | Villager (Male) |
| 16:14 | Build | House |
| 16:18 | Research | Wheelbarrow |
| 16:19 | Research | Wheelbarrow |
| 16:40 | Build | Market |
| 16:48 | Create | Villager (Male) |
| 16:49 | Create | Villager (Male) |
| 17:03 | Build | Farm |
| 17:47 | Build | Farm |
| 18:16 | Research | Castle Age |
| 18:16 | Research | Castle Age |
| 18:52 | Create | Villager (Male) |
| 18:53 | Create | Villager (Male) |
| 18:56 | Build | Farm |
| 20:04 | Create | Villager (Male) |
| 20:56 | Age | Castle Age |
| 20:58 | Research | Bodkin Arrow |
| 20:58 | Research | Bodkin Arrow |
| 21:07 | Build | Castle |
| 21:12 | Research | Bow Saw |
| 21:13 | Research | Horse Collar |
| 21:13 | Research | Horse Collar |
| 21:15 | Create | Villager (Male) |
| 21:28 | Build | Monastery |
| 21:34 | Build | Mining Camp |
| 21:50 | Build | Mining Camp |
| 21:55 | Create | Villager (Male) |
| 21:55 | Build | Farm |
| 21:56 | Build | Farm |
| 22:13 | Create | Monk |
| 22:22 | Create | Petard ×5 |
| 22:35 | Create | Villager (Male) |
| 22:38 | Build | Farm |
| 22:43 | Build | Farm |
| 22:45 | Build | Farm |
| 22:52 | Create | Monk |
| 23:04 | Create | Petard |
| 23:20 | Create | Petard |
| 23:21 | Create | Villager (Male) |
| 23:25 | Build | Farm |
| 23:26 | Build | Farm |
| 23:30 | Build | Farm |
| 23:31 | Build | Farm |
| 23:33 | Build | Farm |
| 23:54 | Create | Petard |
| 23:54 | Create | Petard |
| 23:56 | Create | Villager (Male) |
| 24:05 | Create | Villager (Male) |
| 24:06 | Create | Villager (Male) |
| 24:22 | Create | Monk |
| 24:30 | Create | Villager (Male) |
| 24:38 | Build | Lumber Camp |
| 24:45 | Create | Petard |
| 24:45 | Create | Petard |
| 25:33 | Create | Petard |
| 25:34 | Create | Petard |
| 25:35 | Create | Villager (Male) |
| 26:51 | Research | Imperial Age |
| 26:51 | Research | Imperial Age |
| 27:31 | Create | Villager (Male) |
| 27:32 | Create | Villager (Male) |
| 28:22 | Build | University |
| 28:28 | Research | Heavy Plow |
| 28:51 | Create | Petard ×5 |
| 29:15 | Create | Petard |
| 29:26 | Research | Redemption |
| 29:35 | Research | Masonry |
| 29:44 | Create | Petard |
| 30:01 | Age | Imperial Age |
| 30:11 | Research | Block Printing |
| 30:14 | Create | Villager (Male) |
Build order — only_konevod
First 150 of 167 actions detected
| 0:00 | Create | Villager (Male) |
| 0:01 | Create | Villager (Male) |
| 0:01 | Create | Villager (Male) |
| 0:01 | Create | Villager (Male) |
| 0:02 | Build | House |
| 0:03 | Build | House |
| 1:36 | Create | Villager (Male) |
| 1:36 | Create | Villager (Male) |
| 2:01 | Create | Villager (Male) |
| 2:01 | Create | Villager (Male) |
| 2:04 | Build | Lumber Camp |
| 2:18 | Create | Villager (Male) |
| 2:18 | Create | Villager (Male) |
| 2:54 | Create | Villager (Male) |
| 2:54 | Create | Villager (Male) |
| 3:09 | Create | Villager (Male) |
| 3:09 | Create | Villager (Male) |
| 3:43 | Create | Villager (Male) |
| 3:53 | Build | House |
| 3:54 | Build | House |
| 3:54 | Build | House |
| 4:01 | Create | Villager (Male) |
| 4:29 | Create | Villager (Male) |
| 4:42 | Build | Mill |
| 4:44 | Create | Villager (Male) |
| 4:56 | Create | Villager (Male) |
| 5:48 | Build | Palisade Gate |
| 5:49 | Create | Villager (Male) |
| 5:49 | Create | Villager (Male) |
| 5:49 | Create | Villager (Male) |
| 5:58 | Build | Palisade Gate |
| 6:04 | Build | Palisade Wall |
| 6:11 | Build | Palisade Wall |
| 6:14 | Build | Palisade Wall |
| 6:17 | Build | Palisade Wall |
| 6:37 | Create | Villager (Male) |
| 7:13 | Research | Loom |
| 7:35 | Research | Feudal Age |
| 7:42 | Build | Mining Camp |
| 9:29 | Create | Villager (Male) |
| 9:48 | Age | Feudal Age |
| 9:58 | Build | Watch Tower |
| 10:05 | Create | Villager (Male) |
| 10:08 | Build | Watch Tower |
| 10:14 | Research | Double-Bit Axe |
| 10:22 | Build | Watch Tower |
| 10:27 | Build | Stone Wall |
| 10:31 | Create | Villager (Male) |
| 10:31 | Create | Villager (Male) |
| 10:49 | Create | Villager (Male) |
| 10:49 | Create | Villager (Male) |
| 10:51 | Create | Villager (Male) |
| 11:28 | Build | Watch Tower |
| 11:29 | Create | Villager (Male) |
| 11:35 | Build | Market |
| 11:37 | Build | Blacksmith |
| 11:45 | Build | House |
| 11:49 | Build | Farm |
| 11:52 | Create | Villager (Male) |
| 11:57 | Build | House |
| 12:01 | Create | Villager (Male) |
| 12:02 | Build | Farm |
| 12:20 | Create | Villager (Male) |
| 12:29 | Create | Villager (Male) |
| 12:38 | Build | Farm |
| 12:42 | Create | Villager (Male) |
| 13:00 | Create | Villager (Male) |
| 13:02 | Create | Villager (Male) |
| 13:14 | Build | House |
| 13:25 | Create | Villager (Male) |
| 13:38 | Create | Villager (Male) |
| 13:44 | Build | Farm |
| 14:00 | Create | Villager (Male) |
| 14:49 | Create | Villager (Male) |
| 14:54 | Build | Farm |
| 15:00 | Build | Mining Camp |
| 15:07 | Build | Farm |
| 15:20 | Create | Villager (Male) |
| 15:25 | Create | Villager (Male) |
| 15:30 | Create | Villager (Male) |
| 15:32 | Build | Farm |
| 15:33 | Build | Farm |
| 15:40 | Build | Stone Wall |
| 16:07 | Build | House |
| 16:08 | Build | House |
| 16:12 | Build | Farm |
| 16:14 | Build | Farm |
| 16:18 | Build | House |
| 16:32 | Build | House |
| 16:40 | Build | Lumber Camp |
| 17:01 | Build | Farm |
| 17:26 | Build | House |
| 17:28 | Build | House |
| 17:56 | Build | Farm |
| 18:05 | Research | Castle Age |
| 18:06 | Research | Castle Age |
| 18:20 | Build | Farm |
| 18:34 | Research | Horse Collar |
| 18:34 | Research | Horse Collar |
| 18:49 | Build | Farm |
| 19:17 | Build | House |
| 19:22 | Build | House |
| 19:59 | Create | Villager (Male) |
| 20:48 | Age | Castle Age |
| 20:57 | Build | Castle |
| 21:13 | Research | Bow Saw |
| 21:14 | Create | Villager (Male) |
| 21:19 | Build | Town Center |
| 21:23 | Build | Monastery |
| 21:55 | Research | Wheelbarrow |
| 22:57 | Research | Imperial Age |
| 23:14 | Create | Monk |
| 23:22 | Create | Villager (Male) |
| 23:28 | Build | University |
| 23:34 | Create | Villager (Male) |
| 23:38 | Build | Siege Workshop |
| 24:00 | Build | Stone Wall |
| 24:09 | Research | Fervor |
| 24:15 | Research | Wheelbarrow |
| 24:15 | Research | Wheelbarrow |
| 24:28 | Build | Farm |
| 24:32 | Create | Monk |
| 24:39 | Create | Mangonel |
| 25:17 | Build | Farm |
| 25:18 | Build | Farm |
| 25:37 | Research | Chemistry |
| 26:03 | Build | Farm |
| 26:04 | Create | Villager (Male) |
| 26:07 | Age | Imperial Age |
| 26:08 | Build | Farm |
| 26:08 | Build | Farm |
| 26:13 | Create | Trebuchet (Packed) |
| 26:14 | Create | Villager (Male) |
| 26:15 | Create | Villager (Male) |
| 26:30 | Create | Villager (Male) |
| 26:35 | Create | Monk |
| 26:40 | Create | Villager (Male) |
| 26:41 | Create | Villager (Male) |
| 26:54 | Build | Castle |
| 27:26 | Create | Villager (Male) |
| 27:45 | Create | Villager (Male) |
| 27:47 | Create | Trebuchet (Packed) |
| 27:49 | Create | Bombard Cannon |
| 27:50 | Create | Villager (Male) |
| 27:51 | Build | Farm |
| 27:53 | Create | Villager (Male) |
| 28:07 | Create | Villager (Male) |
| 28:29 | Research | Sanctity |
| 28:45 | Build | Town Center |
| 28:54 | Create | Villager (Male) |
Match timeline
| 6:04 | only_konevod · wall_segment Palisade Wall x1 |
| 6:11 | only_konevod · wall_segment Palisade Wall x1 |
| 6:14 | only_konevod · wall_segment Palisade Wall x1 |
| 6:17 | only_konevod · wall_segment Palisade Wall x1 |
| 7:51 | (***AlBy_Bkr***) · wall_segment Palisade Wall x1 |
| 8:52 | (***AlBy_Bkr***) · age_up feudal |
| 9:48 | only_konevod · age_up feudal |
| 10:27 | only_konevod · wall_segment Stone Wall x1 |
| 15:40 | only_konevod · wall_segment Stone Wall x1 |
| 17:38 | only_konevod · first_market_buy 100 food |
| 17:40 | only_konevod · first_market_sell 100 wood |
| 17:54 | (***AlBy_Bkr***) · first_market_sell 100 stone |
| 17:56 | (***AlBy_Bkr***) · first_market_buy 100 food |
| 20:48 | only_konevod · age_up castle |
| 20:56 | (***AlBy_Bkr***) · age_up castle |
| 20:57 | only_konevod · first_building Castle |
| 21:07 | (***AlBy_Bkr***) · first_building Castle |
| 21:23 | only_konevod · first_building Monastery |
| 21:28 | (***AlBy_Bkr***) · first_building Monastery |
| 23:38 | only_konevod · first_building Siege Workshop |
| 24:00 | only_konevod · wall_segment Stone Wall x1 |
| 26:07 | only_konevod · age_up imperial |
| 30:01 | (***AlBy_Bkr***) · age_up imperial |
| 31:07 | (***AlBy_Bkr***) · resign |
[ AI ANALYSIS · 1 CREDIT ]
What really happened in this match?
Wolo.gg analyzes every decision: build order, eco, micro, common mistakes by bracket. Personalized analysis on WhatsApp or Discord in 30 seconds.
Civ guide
Teutons
Perfil
Jugador #1444796